[Event "Live Chess"]
[Site "Chess.com"]
[Date "2024.06.02"]
[Round "-"]
[White "IgorSchukin"]
[Black "MagnersCarlsberg2870"]
[Result "1-0"]
[WhiteElo "1772"]
[BlackElo "1822"]
[TimeControl "300"]
[EndTime "20:59:45 PDT"]
[Termination "IgorSchukin won on time"]

1. e4 e5 2. Nf3 Nf6 3. Nc3 Nc6 4. d4 exd4 5. Nxd4 Nxd4 6. Qxd4 c5 7. Qd3 Qa5 8. Bd2 Qd8 9. e5 Ng4 10. f4 f6 11. h3 Nh6 12. O-O-O Be7 13. Nd5 O-O 14.
g4 fxe5 15. fxe5 Nf7 16. Bc3 c4 17. Qxc4 b5 18. Qxb5 Bg5+ 19. Kb1 a6 20. Qc4 Bb7 21.
Bg2 Rc8 22. Qb3 Rb8 23. Qa4 Bc6 24. Qxa6 Ra8 25. Qc4 Qb8 26. h4 Bd8 27. g5 Nxe5 28.
Ne7+ Kh8 29. Nxc6 Nxc4 30. Nxb8 Rxb8 31. Rxd7 Rg8 32. Bd5 Nb6 33. Bxg8 Nxd7 34. Bb3 Nc5 35. Re1 Bb6 36. Re7 Nxb3 37. Bxg7+ Kg8 38. axb3 Bc5 39. Rd7 Re8 40. Bf6 Re1+ 41. Ka2 Re8 42. Rd8 Rxd8 43. Bxd8 Kf7 44. c3 Kg6 45. b4 Ba7 46. Kb3 Kh5 47. c4 1-0

[Event "Live Chess"]
[Site "Chess.com"]
[Date "2024.06.02"]
[Round "-"]
[White "Dhaydon19"]
[Black "juniortay"]
[Result "1/2-1/2"]
[WhiteElo "2673"]
[BlackElo "2447"]
[TimeControl "300"]
[EndTime "21:01:47 PDT"]
[Termination "Game drawn by repetition"]

1. Nf3 d5 2. e3 c5 3. b3 a6 4. Bb2 Nc6 5. d4 Nf6 6. dxc5 e6 7. Nbd2 Bxc5 8. c4 O-O 9. cxd5 exd5 10. Rc1 Ba7 11.
Be2 Qe7 12. O-O Rd8 13. Qc2 Bg4 14. Rfe1 Rac8 15. Qb1 Ne4 16. Nxe4 dxe4 17. Nd4 Bxe2 18. Nxc6 Rxc6 19. Rxe2 Rcd6 20. Ba3 Bb8 21. Bxd6 Qxd6 22.
g3 f5 23. Ree1 Qg6 24. Red1 Rf8 25. Qc2 h5 26. Qc4+ Kh7 27. Qc5 Rf7 28. Qc8 Be5 29.
Rd8 Qg4 30. Rh8+ Kg6 31. Qe6+ Bf6 32. Qe8 Be7 33. Qb8 Bg5 34. Rf8 Rxf8 35. Qxf8 h4 36. Qe8+ Kh7 37. Qe6 hxg3 38. hxg3 Bxe3 39. fxe3 Qxg3+ 40.
Kf1 Qf3+ 41. Ke1 Qxe3+ 42. Kd1 Qd3+ 43. Ke1 Qe3+ 44. Kd1 Qd3+ 45. Ke1 Qe3+ 1/2-1/2

[Event "Live Chess"]
[Site "Chess.com"]
[Date "2024.06.02"]
[Round "-"]
[White "Mangoalo"]
[Black "NeilDruggan73"]
[Result "0-1"]
[WhiteElo "1066"]
[BlackElo "1766"]
[TimeControl "300"]
[EndTime "21:01:48 PDT"]
[Termination "NeilDruggan73 won by checkmate"]

1. e4 d6 2. d4 Nf6 3. Nc3 g6 4. Bc4 Nxe4 5. Nxe4 d5 6. Bxd5 Qxd5 7. Qe2 Bg7 8. c3 Bf5 9. f3 O-O 10. Bf4 Nc6 11.
O-O-O Rac8 12. c4 Nxd4 13. cxd5 Nxe2+ 14. Nxe2 Bd7 15. Kb1 h6 16. g4 g5 17. Bg3 f5 18.
gxf5 Bxf5 19. Nc3 Rfe8 20. Ka1 e6 21. dxe6 Rxe6 22. Nc5 Rc6 23. Nxb7 Rb8 24. Na5 Rcb6 25. Nc4 Rb4 26. Bxc7 R8b7 27. Rd8+ Kh7 28. Nd6 Rxb2 29. Nxb7 Bxc3 30. Be5 Rb1# 0-1

[Event "Live Chess"]
[Site "Chess.com"]
[Date "2024.06.02"]
[Round "-"]
[White "Mangoalo"]
[Black "Dhaydon19"]
[Result "0-1"]
[WhiteElo "1066"]
[BlackElo "2673"]
[TimeControl "300"]
[EndTime "21:03:28 PDT"]
[Termination "Dhaydon19 won by checkmate"]

1. e4 e6 2. d4 d5 3. exd5 exd5 4. Nc3 Nf6 5. Bg5 Be7 6. Nf3 O-O 7. Bb5 c6 8. Ba4 Bg4 9. O-O Nbd7 10. h3 Bh5 11. g4 Bg6 12. Ne5 Nxe5 13. dxe5 Nd7 14.
Bxe7 Qxe7 15. Re1 Nxe5 16. Nxd5 cxd5 17. f4 Qc5+ 18. Kh2 Be4 19. fxe5 Qf2# 0-1

[Event "Live Chess"]
[Site "Chess.com"]
[Date "2024.06.02"]
[Round "-"]
[White "MagnersCarlsberg2870"]
[Black "Duke_of_Bebington"]
[Result "1-0"]
[WhiteElo "1827"]
[BlackElo "1657"]
[TimeControl "300"]
[EndTime "21:04:26 PDT"]
[Termination "MagnersCarlsberg2870 won by checkmate"]

1. d4 d5 2. e3 Nf6 3. Bd3 Bg4 4. f3 Bh5 5. Ne2 Bg6 6. Nf4 Bxd3 7. Nxd3 e6 8. Nd2 Nbd7 9. f4 c5 10. c3 Qb6 11.
Nf3 Bd6 12. Nfe5 O-O 13. O-O Rac8 14. Rf3 Ne4 15. Rh3 g6 16. Nxd7 Qd8 17. N7e5 cxd4 18. exd4 a6 19. Ng4 Kg7 20. Qf3 h5 21. Nge5 f6 22.
Nxg6 Kxg6 23. Qxh5+ Kg7 24. Qh7# 1-0

[Event "Live Chess"]
[Site "Chess.com"]
[Date "2024.06.02"]
[Round "-"]
[White "Delacorta"]
[Black "Mikhail_Golubev"]
[Result "0-1"]
[WhiteElo "1518"]
[BlackElo "2520"]
[TimeControl "300"]
[EndTime "21:04:41 PDT"]
[Termination "Mikhail_Golubev won by resignation"]

1. d4 g6 2. Nf3 Bg7 3. c4 d6 4. Nc3 Bg4 5. h3 Bxf3 6. gxf3 Nd7 7. e3 c5 8. d5 Ngf6 9. Rb1 O-O 10. Qc2 e6 11. e4 exd5 12. cxd5 Nh5 13. Bd2 Qh4 14. Be3 Bd4 15. Qd2 Ne5 16. Bg2 Bxe3 17. Qxe3 Nf4 18.
Rg1 Nc4 19. Qc1 Nd3+ 0-1

[Event "Live Chess"]
[Site "Chess.com"]
[Date "2024.06.02"]
[Round "-"]
[White "juniortay"]
[Black "NeilDruggan73"]
[Result "1-0"]
[WhiteElo "2447"]
[BlackElo "1766"]
[TimeControl "300"]
[EndTime "21:04:44 PDT"]
[Termination "juniortay won by resignation"]

1. e4 d6 2. Nf3 Nf6 3. Nc3 g6 4. d4 Bg7 5. h3 b6 6. Be3 c5 7. d5 Nbd7 8. Be2 Ne5 9. Nd2 h6 10. O-O Bd7 11. a4 Qc8 12. f4 Bxh3 13. fxe5 Bxg2 14.
Kxg2 dxe5 15. Nc4 h5 16. d6 Ng4 17. Bxg4 Qxg4+ 18. Qxg4 hxg4 19. Rh1 Rxh1 20. Rxh1 e6 21. Rh7 Kf8 22. Bh6 Bxh6 23. Rh8+ Kg7 24. Rxa8 Bc1 25.
d7 Bxb2 26. d8=Q 1-0

[Event "Live Chess"]
[Site "Chess.com"]
[Date "2024.06.02"]
[Round "-"]
[White "McFim"]
[Black "KeithArkell"]
[Result "1-0"]
[WhiteElo "1650"]
[BlackElo "2422"]
[TimeControl "300"]
[EndTime "21:07:12 PDT"]
[Termination "McFim won by resignation"]

1. e4 c6 2. d4 d5 3. exd5 cxd5 4.
Bd3 Nf6 5. c3 Nc6 6. Bf4 Bg4 7.
Nf3 e6 8. Nbd2 Bd6 9. Bxd6 Qxd6 10. O-O O-O 11. Qe1 Bxf3 12. Nxf3 Qf4 13. Qd2 Qxd2 14. Nxd2 Rab8 15. a4 Rfc8 16. Rfe1 Ne8 17. g3 Nd6 18. Re2 g6 19. Kg2 Na5 20. h4 Kg7 21. Rh1 Nac4 22. Bxc4 Nxc4 23. Nxc4 Rxc4 24. Ra1 b6 25. Ra3 h6 26. f4 h5 27. Kf3 a6 28. Re3 Kf6 29.
b4 Rbc8 30. Ke2 a5 31. b5 Kf5 32. Kd2 R4c7 33. Kc2 Kg4 34. Kb3 Re7 35. Ra1 Rce8 36. Rae1 f6 37. R1e2 Kf5 38. Kc2 Rg8 39. Kd3 Rc8 40.
Kc2 Rc4 41. Kb3 Re8 42. Ra2 Kg4 43. Rae2 Kf5 44. Rf2 Rc7 45. Rfe2 Rg7 46. Rf2 Kg4 47. Rfe2 Rge7 48. Rf2 g5 49. fxg5 fxg5 50. hxg5 Kxg5 51. Rf4 e5 52. dxe5 Rxe5 53. Rd3 R8e6 54. Rfd4 Rd6 55.
Rf4 Rf5 56. Rfd4 Kf6 57. c4 dxc4+ 58. Kxc4 Rxd4+ 59. Rxd4 Kg5 60. Rd6 Rf6 61. Rxf6 Kxf6 62. Kd5 Kg5 63. Kc6 Kg4 64. Kxb6 Kxg3 65. Kxa5 h4 66.
b6 h3 67. b7 h2 68. b8=Q+ 1-0

[Event "Live Chess"]
[Site "Chess.com"]
[Date "2024.06.02"]
[Round "-"]
[White "Mangoalo"]
[Black "BostonStrangler"]
[Result "0-1"]
[WhiteElo "1066"]
[BlackElo "2118"]
[TimeControl "300"]
[EndTime "21:07:59 PDT"]
[Termination "BostonStrangler won by resignation"]

1. e4 c5 2. Nf3 g6 3. d4 cxd4 4. Nxd4 Nc6 5. Nc3 Bg7 6. Be3 Nf6 7. Bb5 O-O 8. Qd3 Ne5 9. Qd2 a6 10. Be2 d5 11. f4 Nc4 12. Bxc4 dxc4 13. e5 Nd5 14. Nxd5 Qxd5 15. O-O-O b5 16. Qc3 Bg4 17.
Nf3 Qc6 18. Nd4 Qc7 19. Rd2 b4 20. Qxb4 Rfb8 21. Qa3 e6 22. h3 Bf8 23. Qc3 Bb4 0-1

[Event "Live Chess"]
[Site "Chess.com"]
[Date "2024.06.02"]
[Round "-"]
[White "Duke_of_Bebington"]
[Black "juniortay"]
[Result "0-1"]
[WhiteElo "1657"]
[BlackElo "2447"]
[TimeControl "300"]
[EndTime "21:08:53 PDT"]
[Termination "juniortay won by resignation"]

1. e4 e5 2. Nf3 Nf6 3. d4 Nxe4 4. dxe5 Bc5 5. Be3 Bxe3 6. fxe3 d5 7. exd6 O-O 8.
dxc7 Qxc7 9. Bd3 Nc5 10. O-O Bg4 11. Bxh7+ Kh8 12. Bd3 Nc6 13. Nc3 Rad8 14. Qe2 Ne5 15. Rad1 Kg8 16. Nb5 Qe7 17. Nbd4 Rfe8 18. h3 Bh5 19.
Nf5 Nxf3+ 20. Kh1 Qe5 21. gxf3 Nxd3 22. cxd3 Qxf5 23. Rg1 Bxf3+ 24. Kh2 Bxe2 0-1

[Event "Live Chess"]
[Site "Chess.com"]
[Date "2024.06.02"]
[Round "-"]
[White "Dhaydon19"]
[Black "booktrunk"]
[Result "1-0"]
[WhiteElo "2673"]
[BlackElo "1515"]
[TimeControl "300"]
[EndTime "21:09:38 PDT"]
[Termination "Dhaydon19 won by resignation"]

1. c4 Nc6 2. Nf3 Nf6 3. Nc3 e6 4. g3 d6 5. d4 Be7 6. Bg2 O-O 7. O-O Bd7 8. d5 exd5 9. cxd5 Nb8 10. Nd4 c6 11.
dxc6 Nxc6 12. Ndb5 Be6 13. Bf4 d5 14. Nd4 Bd6 15.
Bg5 h6 16. Be3 Nxd4 17. Bxd4 b6 18. Rc1 Bc5 19. a3 Bxd4 20. Qxd4 Rc8 21. Rfd1 Re8 22. Nb5 Qd7 23. Nc3 Red8 24. e3 Rc4 25. Qxc4 dxc4 26. Rxd7 Rxd7 27. Rd1 Rxd1+ 28. Nxd1 Nd5 29. Bxd5 Bxd5 30. Nc3 Be6 31. f3 Kf8 32. e4 Ke7 33. Kf2 g6 34. Ke3 f5 35. e5 Kd7 36. f4 Kc6 37.
Kd4 a6 38. Na2 b5 39. Nb4+ Kb6 40. Nc2 Kc6 41. Ne3 h5 42. h3 a5 43. Nc2 Bd7 44.
Ne3 Be6 45. Ng2 b4 46. axb4 axb4 47. Nh4 Bf7 48. e6 Bxe6 49. Nxg6 Bf7 50. Ne7+ Kb5 51. Nxf5 Bg6 52. Nd6+ Ka4 53. Nxc4 Bf7 54. Ne5 Be6 55. g4 hxg4 56. hxg4 Kb3 57. f5 Bg8 58. Nd3 Kc2 59. Nxb4+ Kxb2 60. g5 Kb3 61. Nd5 Kc2 62. g6 Kd2 63. f6 Ke2 64. f7 Bxf7 65. gxf7 Ke1 66. f8=Q 1-0

[Event "Live Chess"]
[Site "Chess.com"]
[Date "2024.06.02"]
[Round "-"]
[White "RuslanChessN"]
[Black "IgorSchukin"]
[Result "1-0"]
[WhiteElo "1910"]
[BlackElo "1767"]
[TimeControl "300"]
[EndTime "21:10:11 PDT"]
[Termination "RuslanChessN won on time"]

1. d4 d5 2. c4 e5 3. Nc3 dxc4 4. d5 Nf6 5. e4 Bd6 6. Bxc4 O-O 7. Bg5 h6 8. Bh4 Nbd7 9. Nf3 a6 10. a4 g5 11. Bg3 Kg7 12. h4 g4 13. Nd2 Nb6 14. h5 Nxc4 15. Nxc4 Re8 16. f3 Bd7 17. Qe2 b5 18.
Ne3 b4 19. Ncd1 c6 20. dxc6 Bxc6 21. Nf2 gxf3 22. gxf3 Bc5 23. Nd3 Bxe3 24. Qxe3 Qd4 25. Ke2 Qxe3+ 26. Kxe3 a5 27. Bxe5 Re6 28. Bd4 Kf8 29.
Nc5 Nd5+ 30. Kf2 Nf4 31. Nxe6+ fxe6 32. Rad1 Kf7 33. b3 Rg8 34. Be5 Nd5 35. exd5 Bxd5 36. Rd3 Rc8 37. Rhd1 Rc5 38. Bd4 Rc2+ 39. R1d2 Rc1 40.
Bb6 Rb1 41. Bxa5 Bxb3 42. Bxb4 Bxa4 43. Re3 Rh1 44. Rde2 Rxh5 45. Kg3 Bb3 46. Kf4 Bd5 47. Rb3 Rf5+ 48. Kg3 Rg5+ 49. Kf4 1-0

[Event "Live Chess"]
[Site "Chess.com"]
[Date "2024.06.02"]
[Round "-"]
[White "KeithArkell"]
[Black "Mangoalo"]
[Result "1-0"]
[WhiteElo "2422"]
[BlackElo "1066"]
[TimeControl "300"]
[EndTime "21:12:21 PDT"]
[Termination "KeithArkell won by checkmate"]

1. d4 Nf6 2. Nf3 e6 3. c4 Bb4+ 4. Bd2 Bxd2+ 5. Qxd2 c5 6. Nc3 cxd4 7. Nxd4 Nc6 8.
Nxc6 bxc6 9. c5 Ba6 10. e4 Bxf1 11. Kxf1 O-O 12. g3 Qa5 13. Qd4 Rad8 14. e5 Nd5 15.
Kg2 Nxc3 16. Qxc3 Qxc3 17. bxc3 a6 18. Rab1 Rb8 19. Rhd1 Rb5 20. Rxb5 axb5 21. Rxd7 Ra8 22. Rc7 g6 23. Rxc6 Rxa2 24. Rb6 Rc2 25. Rxb5 Rxc3 26. Rb8+ Kg7 27. Rc8 f5 28. Rc7+ Kh6 29. h4 Rc2 30.
Kf3 Rc3+ 31. Ke2 g5 32. hxg5+ Kxg5 33. Rxh7 Rxc5 34. f4+ Kg6 35. Re7 Rc6 36. Kf3 Rc3+ 37. Kg2 Rc2+ 38. Kh3 Rc6 39. Kh4 Rc3 40. Rxe6+ Kf7 41.
Rf6+ Kg7 42. Rxf5 Rc6 43. g4 Rh6+ 44. Kg3 Kg8 45. Rf6 Rh7 46. e6 Re7 47. f5 Rg7 48. Rg6 Kf8 49. Rxg7 Kxg7 50. g5 Kf8 51. g6 Ke7 52. g7 Kf6 53. g8=Q Kxf5 54. e7 Kf6 55.
e8=Q Kf5 56. Qee6# 1-0

[Event "Live Chess"]
[Site "Chess.com"]
[Date "2024.06.02"]
[Round "-"]
[White "NeilDruggan73"]
[Black "Mikhail_Golubev"]
[Result "0-1"]
[WhiteElo "1766"]
[BlackElo "2520"]
[TimeControl "300"]
[EndTime "21:12:37 PDT"]
[Termination "Mikhail_Golubev won by resignation"]

1. d4 g6 2. Bg5 Bg7 3. e4 c5 4. c3 cxd4 5. cxd4 Qb6 6. Be3 Nc6 7.
Qd2 Bxd4 8. Bxd4 Qxd4 9. Qxd4 Nxd4 10. Bd3 d6 11. Ne2 Nc6 12. a3 Nf6 13. f3 O-O 14. Nbc3 Bd7 15. g4 Ne5 16. g5 Nxf3+ 17. Kf2 Nxg5 18. h4 Ne6 19. Nd5 Nxd5 20. exd5 Nc5 21. Bc2 Bb5 22. Nd4 Bd3 23. h5 Bxc2 24. Nxc2 Rac8 25.
Nd4 Nd3+ 26. Ke3 Ne5 27. hxg6 hxg6 28. Rh4 Kg7 29. Rah1 Rh8 30. Rxh8 Rxh8 31. Rxh8 Kxh8 32. b4 Kg7 33. Nb5 a6 34. Nc3 Nc4+ 35. Kd4 Nxa3 36. b5 Nxb5+ 37. Nxb5 axb5 0-1

[Event "Live Chess"]
[Site "Chess.com"]
[Date "2024.06.02"]
[Round "-"]
[White "booktrunk"]
[Black "IgorSchukin"]
[Result "0-1"]
[WhiteElo "1512"]
[BlackElo "1770"]
[TimeControl "300"]
[EndTime "21:13:30 PDT"]
[Termination "IgorSchukin won by resignation"]

1. d4 d5 2. Nc3 Nf6 3. a3 g6 4. Bf4 c6 5. f3 Bg7 6. e3 O-O 7. Bd3 Re8 8. h4 Bf5 9. Bxf5 gxf5 10. g4 fxg4 11. fxg4 Nbd7 12. g5 Ne4 13. Nxe4 dxe4 14. c3 e5 15. dxe5 Nxe5 16. Qxd8 Raxd8 17. Ne2 Nd3+ 18. Kf1 Nxb2 19. Rb1 Nd3 20. Rxb7 Nxf4 21. Nxf4 Rd1+ 22. Kg2 Rxh1 23. Kxh1 Bxc3 24. Rxa7 Bd2 25. Nh5 Bxe3 26. Rc7 Bd4 27. Rxc6 e3 28. Nf6+ Bxf6 29. gxf6 e2 0-1

[Event "Live Chess"]
[Site "Chess.com"]
[Date "2024.06.02"]
[Round "-"]
[White "MagnersCarlsberg2870"]
[Black "Delacorta"]
[Result "1-0"]
[WhiteElo "1829"]
[BlackElo "1514"]
[TimeControl "300"]
[EndTime "21:13:57 PDT"]
[Termination "MagnersCarlsberg2870 won by resignation"]

1. d4 Nf6 2. Nf3 g6 3. Nc3 Bg7 4. e4 d6 5. h3 O-O 6. Bc4 b6 7. Qe2 Bb7 8. e5 dxe5 9. dxe5 Nd5 10. e6 Nxc3 11. bxc3 f6 12. Bf4 Nc6 13. Rd1 Qc8 14.
Rd7 g5 15. Bg3 Qe8 16. Rxc7 Rb8 17. Nd4 Nxd4 18. cxd4 Qa4 19. O-O Rbc8 20. Bb3 Qa6 21. Qxa6 Bxa6 22. Rxc8 Rxc8 23. Rd1 f5 24. d5 f4 25. Bh2 Be5 26. g3 Bb7 27. gxf4 gxf4 28. Re1 Bd6 29. Re4 Rf8 30. f3 Rf6 31. Kf1 Ba6+ 32. Bc4 Bb7 33. Bb5 Kg7 34. Bd7 Kg6 35.
c4 Kg5 36. Bg1 Kh4 37. Kg2 Rg6+ 38. Kh2 Ba6 39. Bb5 Bb7 40. Bf2+ Kh5 41. Be8 1-0

[Event "Live Chess"]
[Site "Chess.com"]
[Date "2024.06.02"]
[Round "-"]
[White "IgorSchukin"]
[Black "NeilDruggan73"]
[Result "1-0"]
[WhiteElo "1778"]
[BlackElo "1758"]
[TimeControl "300"]
[EndTime "21:15:54 PDT"]
[Termination "IgorSchukin won by resignation"]

1. e4 d6 2. Nf3 Nf6 3. Nc3 g6 4. h4 h5 5. d4 Bh6 6. Ng5 c6 7. Bc4 d5 8. e5 dxc4 9. exf6 exf6 10. Nge4 O-O 11. Bxh6 Re8 12. O-O b5 13. Qf3 Bf5 14. Rfe1 Kh7 15. Nxf6+ Qxf6 16. Rxe8 Kxh6 17. Ne4 Bxe4 18.
Qxf6 1-0

[Event "Live Chess"]
[Site "Chess.com"]
[Date "2024.06.02"]
[Round "-"]
[White "Duke_of_Bebington"]
[Black "Dhaydon19"]
[Result "0-1"]
[WhiteElo "1657"]
[BlackElo "2673"]
[TimeControl "300"]
[EndTime "21:15:57 PDT"]
[Termination "Dhaydon19 won by resignation"]

1. e4 c6 2. d4 d5 3. e5 c5 4. c3 cxd4 5. cxd4 Nc6 6. Nc3 e6 7.
Nf3 Nge7 8. Bd3 h6 9. O-O Nf5 10.
Bxf5 exf5 11. h4 Be6 12. a3 Rc8 13. Re1 Be7 14. g3 g5 15. hxg5 hxg5 16. Kg2 g4 17.
Nh2 Bg5 18. Rh1 Rh3 19. Ne2 Bxc1 20. Rxc1 Kd7 21. Qd2 Qb6 22. b4 Ne7 23. Nf4 Rhh8 24. f3 gxf3+ 25. Nxf3 Rxh1 26. Kxh1 Rxc1+ 27. Qxc1 Qa6 28. Kg2 Nc6 29. Qc3 Qb5 30. Nd3 b6 31. Qb3 Qc4 32. Qxc4 dxc4 33. Nde1 Bd5 34. Nc2 Be4 35. Ne1 Nxd4 36.
Kf2 Nxf3 37. Nxf3 Bxf3 38. Kxf3 Ke6 39. Kf4 b5 40. Ke3 Kxe5 41. Kd2 f4 42. Kc3 fxg3 0-1

[Event "Live Chess"]
[Site "Chess.com"]
[Date "2024.06.02"]
[Round "-"]
[White "KGreenGator"]
[Black "McFim"]
[Result "1-0"]
[WhiteElo "1786"]
[BlackElo "1645"]
[TimeControl "300"]
[EndTime "21:16:44 PDT"]
[Termination "KGreenGator won on time"]

1. c4 Nf6 2. Nc3 c6 3. e3 d6 4. d4 g6 5. Nf3 Bg7 6. Bd3 O-O 7. O-O Qc7 8. Re1 e5 9. d5 c5 10. e4 Bd7 11. a3 b6 12. b4 a5 13. b5 Bc8 14. a4 Bb7 15. h3 h6 16. Nh2 Nbd7 17. Ng4 Nxg4 18. Qxg4 Rae8 19. Qh4 g5 20. Qg4 Nf6 21.
Qf3 Nh7 22. Ne2 Bc8 23. Ng3 Nf6 24. Nf5 Bxf5 25. Qxf5 Qd7 26. Qxd7 Nxd7 27. Rb1 Re7 28. g3 Rd8 29. Kg2 Nf8 30. f4 f6 31. fxg5 fxg5 32.
Rf1 Nd7 33. Rf5 Rf8 34. g4 Ref7 35. Kg3 Kh7 36. Bd2 Kg6 37. Rbf1 Bf6 38. Be1 Be7 39. h4 gxh4+ 40. Kh3 Bg5 41. Bxh4 Rxf5 42. gxf5+ Kf6 43. Be2 Rg8 44. Rg1 Rg7 45. Bxg5+ hxg5 46. Bh5 Rh7 47. Kg4 Rh6 48. Bg6 Nf8 49. Be8 Rh4+ 50. Kf3 Nh7 51.
Rg4 Rh3+ 52. Rg3 Rh4 53. Rg4 Rh3+ 54. Rg3 Rh4 55. Ke3 g4 56. Bg6 Nf8 57. Be8 Kg5 58. Bc6 Nh7 59. Rg1 Nf6 60. Rf1 Rh3+ 61. Ke2 Nxe4 62.
Rg1 Nf6 63. Bb7 Rh2+ 64. Kd3 Rh3+ 65. Kd2 Ra3 66. Bc8 Rxa4 67. Kc3 Ra3+ 68. Kb2 Rf3 69. Be6 Rf4 70. Kb3 1-0

[Event "Live Chess"]
[Site "Chess.com"]
[Date "2024.06.02"]
[Round "-"]
[White "Mikhail_Golubev"]
[Black "Mangoalo"]
[Result "1-0"]
[WhiteElo "2520"]
[BlackElo "1066"]
[TimeControl "300"]
[EndTime "21:17:09 PDT"]
[Termination "Mikhail_Golubev won by resignation"]

1. e4 c5 2. Nf3 Nc6 3. Nc3 e5 4. Bc4 Nf6 5. Ng5 d5 6. exd5 Na5 7. Bb5+ Bd7 8. Qe2 a6 9. Qxe5+ Qe7 10. Bxd7+ Nxd7 11. Qxe7+ Bxe7 12. Nf3 O-O 13. O-O Bd6 14. d3 b5 15. Ne4 Bc7 16. Be3 f5 17. Nxc5 Nxc5 18. Bxc5 Rfe8 19. d6 Bd8 20. Rfe1 Rxe1+ 21. Rxe1 Bf6 22.
d7 Nc6 23. Re8+ Kf7 24. Rxa8 Bxb2 25. Rc8 Bf6 26. Rxc6 Kg6 27. d8=Q 1-0

[Event "Live Chess"]
[Site "Chess.com"]
[Date "2024.06.02"]
[Round "-"]
[White "juniortay"]
[Black "BostonStrangler"]
[Result "1-0"]
[WhiteElo "2449"]
[BlackElo "2114"]
[TimeControl "300"]
[EndTime "21:17:49 PDT"]
[Termination "juniortay won by resignation"]

1. e4 c5 2. Nf3 g6 3. d4 cxd4 4. c3 d5 5. exd5 Qxd5 6. cxd4 Nf6 7. Nc3 Qd8 8. Bc4 Bg7 9. O-O O-O 10. Re1 Nc6 11. Be3 Na5 12. Bf1 b6 13. Ne5 Bb7 14. Rc1 Rc8 15. Qa4 Nd5 16. Nxd5 Qxd5 17. a3 a6 18. Nd3 Nb3 19. Nf4 Qe4 20. Qxb3 Rxc1 21. Rxc1 Bxd4 22. Qd3 Bxb2 23. Qxe4 Bxe4 24. Rc4 Bf5 25. Bxb6 Bxa3 26. Ra4 Bd6 27. Nd5 Be6 28. Ne3 f5 29. Rxa6 Rb8 30. Bc4 Bxc4 31. Nxc4 Rc8 32.
Ra4 Rc6 33. Be3 e6 34. g3 Bc5 35. Bxc5 Rxc5 36. f4 e5 37. fxe5 1-0

[Event "Live Chess"]
[Site "Chess.com"]
[Date "2024.06.02"]
[Round "-"]
[White "booktrunk"]
[Black "Delacorta"]
[Result "1-0"]
[WhiteElo "1520"]
[BlackElo "1501"]
[TimeControl "300"]
[EndTime "21:17:57 PDT"]
[Termination "booktrunk won by resignation"]

1. d4 Nf6 2. Nc3 e6 3. Bf4 c6 4. e4 d5 5. e5 Ne4 6. Nxe4 dxe4 7. Qe2 Qxd4 8. c3 Qd3 9. Qxd3 exd3 10. Rd1 Bc5 11.
Rxd3 O-O 12. Nf3 f6 13. exf6 gxf6 14. Be2 e5 15. Be3 Bxe3 16. Rxe3 Bf5 17. O-O Nd7 18. Nh4 Bg6 19. Nxg6 hxg6 20. f4 Rad8 21. fxe5 Nxe5 22. Rb1 Rd2 23. Kf1 f5 24. Rxe5 1-0

[Event "Live Chess"]
[Site "Chess.com"]
[Date "2024.06.02"]
[Round "-"]
[White "Mangoalo"]
[Black "Winterowl"]
[Result "0-1"]
[WhiteElo "1065"]
[BlackElo "1567"]
[TimeControl "300"]
[EndTime "21:18:40 PDT"]
[Termination "Winterowl won by resignation"]

1. e4 c5 2. Nf3 d6 3. d4 cxd4 4. Nxd4 Nf6 5. Nc3 a6 6. f4 e6 7.
g4 Qb6 8. Be3 Qxb2 9. Bd2 Qb6 10.
g5 Qxd4 11. gxf6 Qxf6 12. e5 dxe5 13. fxe5 Qxe5+ 14. Qe2 Qxe2+ 15. Bxe2 Bc5 0-1

[Event "Live Chess"]
[Site "Chess.com"]
[Date "2024.06.02"]
[Round "-"]
[White "NeilDruggan73"]
[Black "Dhaydon19"]
[Result "0-1"]
[WhiteElo "1758"]
[BlackElo "2673"]
[TimeControl "300"]
[EndTime "21:18:47 PDT"]
[Termination "Dhaydon19 won by resignation"]

1. d4 e6 2. Nf3 Nf6 3. c4 b6 4. Nc3 Bb7 5. e3 Be7 6. Bd3 O-O 7. O-O d5 8. b3 dxc4 9. bxc4 Nbd7 10. Re1 c5 11. d5 exd5 12. cxd5 Bd6 13. e4 Re8 14. Bg5 a6 15. Qb3 b5 16. Qc2 c4 17. Bf1 Qc7 18. g3 Rac8 19. Nd4 h6 20. Be3 Bc5 21. Rad1 Ne5 22.
Bf4 Bxd4 23. Rxd4 Nf3+ 24. Kg2 Nxe1+ 0-1

[Event "Live Chess"]
[Site "Chess.com"]
[Date "2024.06.02"]
[Round "-"]
[White "KeithArkell"]
[Black "RuslanChessN"]
[Result "1-0"]
[WhiteElo "2423"]
[BlackElo "1909"]
[TimeControl "300"]
[EndTime "21:20:40 PDT"]
[Termination "KeithArkell won on time"]

1. d4 d5 2. Nf3 Bf5 3. c4 e6 4. cxd5 exd5 5. Nc3 c6 6. Bg5 Be7 7. Bxe7 Qxe7 8. e3 Nf6 9. Bd3 Bg4 10. O-O O-O 11. h3 Bh5 12. Be2 Nbd7 13. Ne1 Bg6 14. Bd3 Ne4 15. Qc2 Ndf6 16. Nf3 Rac8 17. Nh4 Nd6 18. Nxg6 hxg6 19. b4 a6 20. a4 Nc4 21.
Bxc4 dxc4 22. Rab1 b5 23. axb5 cxb5 24. e4 Qd7 25. d5 Rfe8 26. Rbd1 Qd6 27. Qb1 Qf4 28.
Rfe1 Nd7 29. Qc1 Qxc1 30. Rxc1 Ne5 31. Ra1 Ra8 32. Reb1 Nd3 33. f3 f5 34. Kf1 fxe4 35.
Nxe4 Red8 36. d6 Kf7 37. Ke2 Ke6 38. Kd2 Kd5 39. Kc3 Ra7 40. Ra2 Rda8 41. Rba1 Kc6 42.
h4 Rh8 43. g3 Rha8 44. Rd2 a5 45. bxa5 Rxa5 46. Rxa5 Rxa5 47. Kd4 Ra3 48. Rd1 Nb2 49. Nc3 b4 50. d7 Kxd7 51. Ke5+ Kc6 52. Rd6+ Kc5 53. Ne4+ Kb5 54. Rd8 c3 55. Rb8+ Kc4 56. Nd6+ Kd3 57. Rxb4 c2 58. Rd4+ Ke2 59. Nc4 c1=Q 60. Nxa3 Qc5+ 61. Rd5 Qxa3 62. f4 Nd3+ 63. Ke6 Qa6+ 64. Rd6 Qc8+ 65. Ke7 Nc5 66. f5 Qxf5 67. Rb6 Ne4 68. Rb2+ 1-0

[Event "Live Chess"]
[Site "Chess.com"]
[Date "2024.06.02"]
[Round "-"]
[White "Dhaydon19"]
[Black "Mangoalo"]
[Result "1-0"]
[WhiteElo "2673"]
[BlackElo "1065"]
[TimeControl "300"]
[EndTime "21:20:51 PDT"]
[Termination "Dhaydon19 won by checkmate"]

1. d4 Nf6 2. Nf3 e6 3. g3 Bb4+ 4. c3 Be7 5. Bg2 O-O 6. O-O d5 7. Qc2 Nc6 8. Nbd2 Bd7 9. e4 Re8 10. Ng5 h6 11. Ngf3 dxe4 12. Nxe4 Nxe4 13. Qxe4 f5 14. Qc2 Rf8 15. Re1 Bf6 16. Qb3 b6 17.
Bf4 Ne7 18. Rxe6 Bxe6 19. Qxe6+ Kh8 20. Ne5 Bxe5 21. Bxe5 Re8 22. Qxh6+ Kg8 23. Qxg7# 1-0

[Event "Live Chess"]
[Site "Chess.com"]
[Date "2024.06.02"]
[Round "-"]
[White "KGreenGator"]
[Black "Duke_of_Bebington"]
[Result "1-0"]
[WhiteElo "1791"]
[BlackElo "1652"]
[TimeControl "300"]
[EndTime "21:21:46 PDT"]
[Termination "KGreenGator won by resignation"]

1. c4 c6 2. Nc3 d5 3. d4 e5 4. e3 e4 5. cxd5 cxd5 6. Qb3 Nf6 7.
Nge2 Nc6 8. a3 Be6 9. Qxb7 Bd7 10. Nf4 Rb8 11. Qa6 Rb6 12. Qe2 Bg4 13. Qd2 Na5 14. Qc2 Be6 15. Nxe6 fxe6 16. b4 Nc6 17. Na4 Nxb4 18.
axb4 Bxb4+ 19. Bd2 Bxd2+ 20. Qxd2 Rb3 21. Nc5 Rb6 22.
Be2 O-O 23. Rxa7 Qb8 24. Ra1 Rb2 25. Qc3 Rc8 26. Bd1 Nd7 27. O-O e5 28. Nxd7 Rxc3 29. Nxb8 Rxb8 30. dxe5 1-0

[Event "Live Chess"]
[Site "Chess.com"]
[Date "2024.06.02"]
[Round "-"]
[White "McFim"]
[Black "KeithArkell"]
[Result "0-1"]
[WhiteElo "1645"]
[BlackElo "2423"]
[TimeControl "300"]
[EndTime "21:22:25 PDT"]
[Termination "KeithArkell won by resignation"]

1. e4 c6 2. d4 d5 3. exd5 cxd5 4. Bd3 Nf6 5. c3 Nc6 6. Bf4 Bg4 7. Nf3 e6 8. Nbd2 Bd6 9. Bxd6 Qxd6 10. O-O O-O 11. Qe1 Bxf3 12. Nxf3 Qf4 13. Qd2 Qxd2 14. Nxd2 Rab8 15.
a4 Ne8 16. f4 Nd6 17. g4 g6 18. Rf2 Rfe8 19. Re1 a6 20. f5 exf5 21. gxf5 Rxe1+ 0-1

[Event "Live Chess"]
[Site "Chess.com"]
[Date "2024.06.02"]
[Round "-"]
[White "Delacorta"]
[Black "juniortay"]
[Result "0-1"]
[WhiteElo "1501"]
[BlackElo "2449"]
[TimeControl "300"]
[EndTime "21:22:51 PDT"]
[Termination "juniortay won by resignation"]

1. d4 Nf6 2. Nf3 g6 3. h4 h5 4. c4 Bg7 5. Nc3 O-O 6. Qc2 d6 7. e4 e5 8. dxe5 dxe5 9. Nxe5 Re8 10. Nf3 Nxe4 11. Nxe4 Qe7 12. Nd2 f5 13. Qb3 fxe4 14. c5+ Kh7 15. Be2 Nc6 16. O-O Nd4 17. Qd1 Qxh4 18.
Bc4 Bg4 19. f3 exf3 20. Nxf3 Nxf3+ 21. Rxf3 Bxf3 22. Qxf3 Re1+ 23. Bf1 Bd4+ 0-1